 Dungeon Crawl Stone Soup version 0.32-a0-19-g28bc0835a1 (webtiles) character file.

Game seed: 6287820024700058784

156 Saru the Covered (level 5, -1/41 HPs)
             Began as a Human Fighter on Jan 17, 2024.
             Was an Initiate of Makhleb.
             Slain by Pikel
             ... wielding a +1 whip of freezing
              (6 damage)
             ... on level 4 of the Dungeon.
             The game lasted 00:19:05 (1810 turns).

Saru the Covered (Human Fighter)                    Turns: 1810, Time: 00:19:06

Health: -1/41      AC: 11    Str: 24    XL:     5   Next: 37%
Magic:  5/5        EV:  8    Int:  4    God:    Makhleb [......]
Gold:   69         SH:  5    Dex: 13    Spells: 4/4 levels left

rFire   + + .        w - +1 short sword (vamp)
rCold   . . .        c - +0 buckler
rNeg    . . .        m - +0 chain mail
rPois   +            r - +0 helmet
rElec   .            (no cloak)
rCorr   .            q - +0 pair of gloves "Yluimig" {Fly rF++ Int-4}
SInv    .            (no boots)
Will    .....        (no amulet) Stlth
                     i - ring of poison resistance
HPRegen 0.26/turn    C - +6 ring of strength
MPRegen 0.09/turn

%: no passive effects
@: flying
A: explore regen
a: Renounce Religion


You were on level 4 of the Dungeon.
You worshipped Makhleb.
Makhleb was noncommittal.
You visited 1 branch of the dungeon, and saw 4 of its levels.

You collected 97 gold pieces.
You spent 28 gold pieces at shops.

Inventory:

Hand Weapons
 a - a +0 long sword
 d - a +0 sling
 h - a +0 club
 l - a +0 falchion
 n - a +0 short sword
 w - a +1 vampiric short sword (weapon)
Missiles
 k - 37 stones (quivered)
 x - 5 poisoned darts
Armour
 b - a +0 scale mail
 c - a +0 buckler (worn)
 m - a +0 chain mail (worn)
 q - the +0 pair of gloves "Yluimig" (worn) {Fly rF++ Int-4}
   (You found it on level 2 of the Dungeon)

   Int-4:     It affects your intelligence (-4).
   rF++:      It greatly protects you from fire.
   Fly:       It grants you flight.
 r - a +0 helmet (worn)
 B - a +0 pair of gloves
Jewellery
 i - a ring of poison resistance (left hand)
 C - a +6 ring of strength (right hand)
Wands
 o - a wand of flame (22)
Scrolls
 f - 4 scrolls of identify
 j - a scroll of silence {unknown}
 s - a scroll of brand weapon {unknown}
 t - a scroll of enchant armour {unknown}
 v - a scroll of summoning {unknown}
 y - a scroll of fog
Potions
 e - a potion of brilliance {unknown}
 g - 2 potions of curing {unknown}
 p - a potion of heal wounds {unknown}
 u - a potion of degeneration {unknown}
 z - a potion of lignification {unknown}
 A - a potion of haste {unknown}


   Skills:
 + Level 3.3 Fighting
 + Level 1.5(2.6) Short Blades
 + Level 3.3(3.5) Long Blades
 + Level 3.8 Armour
 + Level 1.0 Dodging
 + Level 3.5 Shields


You had 4 spell levels left.
You didn't know any spells.
Your spell library contained the following spells:

 Spells                   Type           Power      Damage    Failure   Level
 Shock                    Conj/Air       0%         1d3       98%         1
 Swiftness                Air            0%         N/A       100%        3
 Airstrike                Air            0%         2d(0-16)  100%        4


Dungeon Overview and Level Annotations

Branches:
Dungeon (4/15)
 Temple: D:4-7

Altars:
Hepliaklqana
Kikubaaqudgha
Makhleb

Shops:
D:3 *

Annotations:
D:4 Pikel


Innate Abilities, Weirdness & Mutations

You regain HP and MP as you explore.


Message History

You block Pikel's attack.
You hit Pikel but do no damage.
Pikel is lightly wounded.
Pikel hits you but does no damage.
You hit Pikel but do no damage.
Pikel is lightly wounded.
A ball python comes into view.
Pikel closely misses you.
The ball python hisses angrily.
You hit Pikel but do no damage.
Pikel is lightly wounded.
Pikel barely misses you.
You hit Pikel.
Pikel is lightly wounded.
You hit Pikel but do no damage.
Pikel is lightly wounded.
Pikel barely misses you.
You hit Pikel but do no damage.
Pikel is lightly wounded.
Pikel hits you but does no damage.
You hit Pikel but do no damage.
Pikel is lightly wounded.
Pikel hits you but does no damage.
You hit Pikel.
Pikel is lightly wounded.
Pikel hits you with a +1 whip of freezing.
Pikel freezes you.
* * * LOW HITPOINT WARNING * * *
You barely miss Pikel.
Pikel is lightly wounded.
A ribbon worm comes into view.
Pikel hits you with a +1 whip of freezing.
* * * LOW HITPOINT WARNING * * *
Pikel freezes you.
* * * LOW HITPOINT WARNING * * *
You hit Pikel but do no damage.
Pikel is lightly wounded.
Pikel hits you with a +1 whip of freezing.
You die...
Pikel says, "Another soul for the market."

...............#
#.........#.#.#<##
#.w..............#
.###...
#..........## ......
##......#..# #....
##..!..#..#
..#....###S..#†....#
........#55......###
#..@K55K.....#
##..####.....#
#..... #.......
#..##.. [.......#
#.. #........... #..
....##..... .( .....
.... #.. ..#.


You could see Pikel, 4 lemures, a ribbon worm, a ball python and a kobold.

Vanquished Creatures
  A bombardier beetle (D:4)
  Jessica (D:3)
  3 adders
  3 dart slugs
  3 ribbon worms
  4 orcs
  8 endoplasms
  3 goblins
  3 hobgoblins
  A quokka (D:1)
  3 ball pythons
  6 bats
  4 frilled lizards
  10 kobolds
  4 rats
57 creatures vanquished.

Notes
Turn   | Place    | Note
-------+----------+-------------------------------------------
     0 | D:1      | Saru the Human Fighter began the quest for the Orb.
     0 | D:1      | Reached XP level 1. HP: 18/18 MP: 1/1
   172 | D:1      | Reached XP level 2. HP: 22/24 MP: 2/2
   582 | D:2      | Reached XP level 3. HP: 29/29 MP: 3/3
   623 | D:2      | Identified the +0 pair of gloves "Yluimig" {Fly rF++ Int-4}
  1182 | D:3      | Reached XP level 4. HP: 29/35 MP: 4/4
  1195 | D:3      | Noticed Jessica
  1205 | D:3      | Killed Jessica
  1417 | D:3      | Found a hazy altar of Hepliaklqana.
  1508 | D:3      | Found Fucan's General Store.
  1561 | D:3      | Found a burning altar of Makhleb.
  1581 | D:3      | Bought a scroll of identify for 28 gold pieces
  1583 | D:3      | Found an ancient bone altar of Kikubaaqudgha.
  1601 | D:3      | Reached skill level 1 in Dodging
  1631 | D:3      | Became a worshipper of Makhleb the Destroyer
  1743 | D:4      | Reached XP level 5. HP: 36/41 MP: 5/5
  1748 | D:4      | Reached skill level 1 in Short Blades
  1773 | D:4      | Noticed a lemure
  1774 | D:4      | Noticed a lemure
  1777 | D:4      | Noticed a lemure
  1779 | D:4      | Noticed Pikel
  1780 | D:4      | Noticed a lemure
  1810 | D:4      | Slain by Pikel

Illustrated notes

Levels and vault maps discovered:
D:1:      minmay_arrival_stone_box, layout_basic,
          dreamdust_ecumenical_altar_hidden_monk_grotto, amethyst_killhole,
          st_stairs_14
D:2:      minmay_razor_zed, layout_basic
D:3:      layout_loops_cross, bloody_makhleb, mainiacjoe_overflow_chevrons,
          mainiacjoe_overflow_cross_hatched, serial_shops, nicolae_diamond_shop,
          kennysheep_generic_room_14, uniq_jessica
D:4:      layout_cave_pools, minmay_curled_crystal, st_stairs_8,
          minmay_misc_feat_rugged, chequers_serial_rivers_micro_b, uniq_pikel,
          uniq_menkaure

Skill      XL: |  1  2  3  4  5 |
---------------+----------------+-----
Long Blades    | 3 |  3.3
Dodging        | 1 |  1.0
Short Blades   | 1 |  1.5
Fighting       | |  3.3
Armour         | |  3.8
Shields        | |  3.5

Action                     |  1- 3 |  4- 6 || total
---------------------------+-------+-------++-------
  Melee: Long sword        |   116 |       ||   116
         Short sword       |    18 |   126 ||   144
    Use: Scroll            |     1 |       ||     1
         Potion            |     1 |       ||     1
 Armour: Scale mail        |    26 |       ||    26
         Chain mail        |    74 |    86 ||   160
  Dodge: Dodged            |    48 |    33 ||    81
  Block: Buckler           |    30 |    16 ||    46

Table legend: (Time is in decaauts)
 A = Elapsed time spent in this place.
 B = Non-inter-level travel time spent in this place.
 C = Inter-level travel time spent in this place.
 D = Time resting spent in this place.
 E = Time spent auto-exploring this place.
 F = Levels seen in this place.
 G = Mean time per level.
                   A        B        C        D        E       F      G
               +--------+--------+--------+--------+--------+-----+--------+
         Total |   1831 |    733 |   1098 |      0 |      0 |   4 |  457.8 |
       Dungeon |   1831 |    733 |   1098 |      0 |      0 |   4 |  457.8 |
               +--------+--------+--------+--------+--------+-----+--------+

Top non-repeatable levels by time:
     D:2: 899 daAuts
     D:3: 598 daAuts
     D:1: 253 daAuts
     D:4: 80 daAuts
